Map: Cactus Valley LE (Void)

Players

Kelazhur - Winner!

  • Race: Terran Terran
  • Spawn Location: 7:00

Dolan

  • Race: Terran Terran
  • Spawn Location: 11:00

Event: WCS Austin 2017

VOD

Have the link to the VOD?

Description

Time

  • Played on: April 28, 2017, 4:51 p.m.
  • Length: 6:58

All games in this series

Show
View Real Time Build Order
Export as new Build Order

Kelazhur Terran - Winner!

Build Orders: 1/1/1, Cyclone Opening 

Get SALT Encoding   

  12  0:00  SCV  
  13  0:13  SCV  
  14  0:17  Supply Depot  
  14  0:25  SCV  
  14  0:27  Refinery  
  15  0:39  SCV  
  16  0:44  Barracks  
  16  0:51  SCV  
  16  0:54  Refinery  
  17  1:03  SCV  
  18  1:15  SCV  
  19  1:31  Orbital Command  
  19  1:32  Factory  
  19  1:34  Reaper  
  20  1:45  Supply Depot  
  20  1:58  SCV  
  21  2:07  Reaper  
  22  2:10  SCV  
  23  2:18  Cyclone  
  26  2:23  SCV  
  26  2:29  Starport  
  27  2:35  SCV  
  28  2:41  Barracks Tech Lab  
  28  2:47  SCV  
  29  2:55  Cyclone  
  31  3:08  Supply Depot  
  31  3:11  SCV  
  32  3:22  Barracks Reactor, Banshee  
  32  3:23  SCV  
  35  3:35  SCV  
  36  3:47  SCV  
  37  3:48  Command Center  
  37  3:59  SCV  
  38  4:05  Cyclone  
  38  4:07  Supply Depot, Marine  
  41  4:11  Raven, SCV  
  41  4:16  Marine  
  45  4:27  Marine, SCV  
  47  4:33  Marine  
  48  4:43  SCV  
  49  4:55  SCV  
  49  4:56  Marine x2  
  52  5:01  Factory Tech Lab, Orbital Command  
  52  5:07  SCV  
  52  5:08  Raven  
  55  5:14  Barracks x2  
  55  5:16  Marine x2  
  55  5:19  SCV  
  58  5:24  Siege Tank  
  61  5:28  Supply Depot  
  61  5:29  SCV  
  61  5:32  SCV  
  63  5:38  Marine  
  63  5:39  Marine  
  63  5:41  Supply Depot, SCV  
  66  5:44  SCV  
  62  5:53  SCV  
  62  5:55  Marine  
  62  5:56  SCV  
  64  5:57  Marine  
  66  6:07  Siege Tank  
  66  6:09  Barracks Tech Lab x2  
  68  6:11  SCV  
  68  6:13  Marine  
  68  6:18  Starport Reactor, SCV  
  68  6:20  Marine  
  68  6:23  SCV  
  68  6:24  Marine  
  71  6:27  Refinery x2  
  71  6:29  Supply Depot x2  
  71  6:31  Marine  
  71  6:32  Engineering Bay  
  72  6:33  Engineering Bay  
  72  6:35  SCV  
Show
View Real Time Build Order
Export as new Build Order

Dolan Terran 

Build Orders:  

Get SALT Encoding   

  12  0:00  SCV  
  13  0:12  SCV  
  14  0:17  Supply Depot  
  14  0:24  SCV  
  14  0:28  Refinery  
  15  0:38  SCV  
  16  0:45  Barracks  
  16  0:51  SCV  
  16  0:57  Refinery  
  17  1:05  SCV  
  18  1:17  SCV  
  20  1:32  Reaper, Orbital Command  
  20  1:41  Factory  
  20  1:52  Supply Depot  
  20  2:02  SCV  
  20  2:04  Reaper  
  22  2:19  SCV  
  23  2:30  Starport, Hellion  
  23  2:31  SCV  
  27  2:37  Barracks Tech Lab  
  27  2:43  SCV  
  27  2:48  Supply Depot  
  27  2:52  Hellion  
  27  2:55  SCV  
  29  3:07  SCV  
  29  3:11  Barracks Reactor  
  30  3:19  SCV  
  31  3:22  Cyclone  
  34  3:37  Supply Depot  
  34  3:40  Supply Depot  
  32  3:59  Raven, SCV  
  32  4:04  Cyclone, Marine x2  
  37  4:15  Command Center  
  37  4:18  SCV  
  38  4:25  Marine x2  
  38  4:31  SCV  
  41  4:37  Factory Tech Lab  
  41  4:42  Viking  
  41  4:45  SCV  
  36  4:57  SCV  
  37  5:00  Marine  
  37  5:01  Marine  
  39  5:14  Supply Depot  
  39  5:15  Siege Tank, SCV  
  39  5:18  Marine, Starport Tech Lab  
  39  5:19  Marine  
  45  5:27  SCV  
  46  5:29  Supply Depot  
  46  5:39  SCV  
  47  5:42  Marine  
  47  5:43  Marine  
  47  5:46  Refinery  
  47  5:53  SCV x2  
  48  6:07  Siege Tank, Marine x2  
  48  6:09  Raven  
  51  6:15  SCV  
  49  6:25  Marine x2  
  50  6:26  Orbital Command  
  50  6:32  SCV  
  49  6:44  SCV  
Tags
 
Add a new tag
Caveats
  • Supply blocks, unpowered buildings, or Contaminate may cause inaccurate times.
  • Supply counts are checked every 10 seconds.